 Dungeon Crawl Stone Soup version 0.28-a0-1190-g77e1c55843 (webtiles) character file.

Game seed: 2292328191947169507

157 halfoni the Chopper (level 5, -2/42 HPs)
             Began as a Human Berserker on Dec 19, 2021.
             Was a Follower of Trog.
             Slain by an orc wizard (3 damage)
             ... on level 3 of the Dungeon.
             The game lasted 00:03:21 (2639 turns).

halfoni the Chopper (Human Berserker)               Turns: 2639, Time: 00:03:21

Health: -2/42      AC:  4    Str: 19    XL:     5   Next: 66%
Magic:  5/5        EV: 12    Int:  8    God:    Trog [*.....]
Gold:   113        SH:  0    Dex: 12    Spells: 4/4 levels left

rFire   . . .      SeeInvis .   p - +0 war axe
rCold   . . .      Faith    .   (no shield)
rNeg    . . .      Spirit   .   f - +0 leather armour
rPois   .          Reflect  .   (no helmet)
rElec   .          Harm     .   d - +0 cloak
rCorr   .          Rampage  .   (no gloves)
Will    .....                   (no boots)
Stlth   +.........              (no amulet)
HPRegen 0.14/turn               (no ring)
MPRegen 0.09/turn               (no ring)

@: on berserk cooldown, slowed, very slow
A: no striking features
a: Renounce Religion, Berserk


You were on level 3 of the Dungeon.
You worshipped Trog.
Trog was aware of your devotion.
You visited 1 branch of the dungeon, and saw 3 of its levels.

You collected 113 gold pieces.

Inventory:

Hand Weapons
 p - a +0 war axe (weapon)
Armour
 d - a +0 cloak (worn)
 f - a +0 leather armour (worn)
Magical Staves
 i - a staff of cold
Jewellery
 a - a ring of willpower
Scrolls
 c - a scroll of brand weapon {unknown}
 e - 2 scrolls of vulnerability {unknown}
 g - a scroll of fog {unknown}
 j - a scroll of identify {unknown}
 k - a scroll of summoning {unknown}
 l - a scroll of amnesia {unknown}
 o - a scroll of magic mapping {unknown}
 q - 3 scrolls of immolation {unknown}
Potions
 b - a potion of lignification {unknown}
 h - a potion of magic {unknown}
 m - a potion of curing {unknown}
 n - a potion of invisibility {unknown}


   Skills:
 + Level 3.8 Fighting
 + Level 4.4 Axes
 * Level 2.9 Armour
 + Level 2.7 Dodging


You had 4 spell levels left.
You didn't know any spells.
Your spell library was empty.

Dungeon Overview and Level Annotations

Branches:
Dungeon (3/15)

Altars:

Shops:
D:3 [


Message History

You are exhausted.
You feel yourself slow down.
Found a scroll labelled CERCHU XADD.
The orc hits you with a +0 flail.
The orc wizard hits you with a +0 dagger.
The orc closely misses you.
The orc wizard mumbles some strange words.
The orc wizard flickers and vanishes!
Deactivating autopickup; reactivate with Ctrl-A.
You barely miss something. You barely miss the orc.
You closely miss the orc wizard.
The orc wizard hits you with a +0 dagger.
The orc closely misses you. Something hits you.
The orc wizard casts a spell.
The orc wizard flickers and vanishes!
The orc misses you. Something hits you but does no damage.
You miss the orc. You closely miss something. You miss something.
You feel less confused. Something hits you. The orc barely misses you.
Something hits you. x2
The orc hits you with a +0 flail. Something hits you.
You slash the orc!
You kill the orc!
Trog accepts your kill.
You miss something. x2
You hear some strange, mumbled words.
A magic dart appears from out of thin air!
The magic dart hits you. Something hits you but does no damage.
Something hits you.
You closely miss something. You miss something.
Something hits you but does no damage.
You hear some strange, mumbled words.
A puff of flame appears from out of thin air!
The puff of flame hits you.
* * * LOW HITPOINT WARNING * * *
Something barely misses you. Something hits you.
* * * LOW HITPOINT WARNING * * *
You closely miss something. You hit something.
Something hits you but does no damage. Something hits you.
* * * LOW HITPOINT WARNING * * *
Something hits you.
You die...

........#............###....#....
.................................
..................#............<#
..####..#...###...#..............
.................................
..#... .........................
...... ...........<.............
..#... #......{)................
...... ...#...{@.#.###...†....#.
........ . #......#..........#.#.
........ ........................
..#..............................
..#...# #..###.#......####.###†..
..#...###.. ..........# #.# #...
........... .........#.# #.###...
..#.................?#.# #.......
........... #####..#


There were no monsters in sight!

Vanquished Creatures
  A centaur (D:3)
  3 adders (D:2)
  2 dart slugs (D:2)
  2 orcs (D:3)
  5 endoplasms
  A giant cockroach (D:2)
  9 hobgoblins
  2 quokkas
  7 ball pythons
  5 bats
  4 frilled lizards
  3 goblins
  2 kobolds (D:1)
  A rat (D:2)
47 creatures vanquished.

Notes
Turn   | Place    | Note
-------+----------+-------------------------------------------
     0 | D:1      | halfoni the Human Berserker began the quest for the Orb.
     0 | D:1      | Reached XP level 1. HP: 18/18 MP: 1/1
   149 | D:1      | Reached XP level 2. HP: 15/24 MP: 2/2
   508 | D:1      | Reached XP level 3. HP: 26/29 MP: 3/3
   857 | D:2      | Reached XP level 4. HP: 11/35 MP: 4/4
  1889 | D:3      | Found a faded altar of an unknown god.
  1918 | D:3      | Reached skill level 4 in Axes
  1955 | D:3      | Found Fiwabeicu's Antique Armour Boutique.
  2146 | D:3      | Reached ** piety under Trog
  2278 | D:3      | Noticed a centaur
  2288 | D:3      | Killed a centaur
  2289 | D:3      | Reached XP level 5. HP: 21/42 MP: 5/5
  2639 | D:3      | HP: 1/42 [something (3)]
  2639 | D:3      | Slain by an orc wizard

Illustrated notes

Levels and vault maps discovered:
D:1:      minmay_arrival_checkered_box, layout_basic, serial_glass,
          glass_columns_a, glass_columns_a
D:2:      layout_basic
D:3:      minmay_skewed_foursquare, layout_basic, basic_ecumenical_altar,
          serial_shops, shop

Skill      XL: |  1  2  3  4 |
---------------+-------------+-----
Axes           | 4 |  4.4
Fighting       | |  3.8
Armour         | |  2.9
Dodging        | |  2.7

Action                   |  1- 3 |  4- 6 || total
-------------------------+-------+-------++-------
Melee: Hand axe          |    82 |    36 ||   118
       War axe           |       |    27 ||    27
Invok: Berserk           |     3 |     2 ||     5
Armor: Animal skin       |     2 |       ||     2
       Leather armour    |    14 |    18 ||    32
Dodge: Dodged            |    73 |    51 ||   124

Table legend: (Time is in decaauts)
 A = Elapsed time spent in this place.
 B = Non-inter-level travel time spent in this place.
 C = Inter-level travel time spent in this place.
 D = Time resting spent in this place.
 E = Time spent auto-exploring this place.
 F = Levels seen in this place.
 G = Mean time per level.
                   A        B        C        D        E       F      G
               +--------+--------+--------+--------+--------+-----+--------+
         Total |   2705 |   2705 |      0 |    684 |   1585 |   3 |  901.7 |
       Dungeon |   2705 |   2705 |      0 |    684 |   1585 |   3 |  901.7 |
               +--------+--------+--------+--------+--------+-----+--------+

Top non-repeatable levels by time:
     D:2: 1274 daAuts
     D:3: 770 daAuts
     D:1: 660 daAuts
